 Dungeon Crawl Stone Soup version 0.25-a0-294-gea9b1ad378 (webtiles) character file.

Game seed: 10272780657062033233, levelgen mode: deterministic

307 MoonlitKnight the Sneak (level 6, 0/42 HPs)
             Began as a Vampire Assassin on Dec 17, 2019.
             Succumbed to an adder's poison
             ... on level 3 of the Dungeon.
             The game lasted 00:05:24 (2411 turns).

MoonlitKnight the Sneak (Vampire Assassin)          Turns: 2411, Time: 00:05:24

Health: 0/42       AC:  6    Str: 10    XL:     6   Next: 16%
Magic:  6/6        EV: 12    Int: 14    God:
Gold:   111        SH:  0    Dex: 17    Spells: 5/5 levels left

rFire    . . .     SeeInvis +   a - +2 dagger
rCold    . . .     Gourm    .   (no shield)
rNeg     . . .     Faith    .   h - +0 ring mail
rPois    .         Spirit   .   (no helmet)
rElec    .         Reflect  .   c - +0 cloak
rCorr    .         Harm     .   (no gloves)
MR       .....                  (no boots)
Stlth    +++.......             (no amulet)
HPRegen  0.34/turn              (no ring)
MPRegen  0.10/turn              (no ring)

@: lethally poisoned (0 -> -3), regenerating quickly
A: no food, fangs 3, see invisible, [frail 1], unbreathing
a: Exsanguinate


You were on level 3 of the Dungeon.
You were alive.

You visited 1 branch of the dungeon, and saw 3 of its levels.

You collected 111 gold pieces.

Inventory:

Hand Weapons
 a - a +2 dagger (weapon)
Missiles
 d - 16 poisoned darts (quivered)
 e - 2 curare-tipped darts
Armour
 c - a +0 cloak (worn)
 h - a +0 ring mail (worn)
Jewellery
 m - a cursed ring of teleportation {unknown}
Wands
 o - a wand of random effects (15)
Scrolls
 f - 4 scrolls of remove curse {unknown}
 g - 2 scrolls of magic mapping {unknown}
 j - 5 scrolls of identify {unknown}
 p - a scroll of teleportation {unknown}
 q - a scroll of enchant armour {unknown}
 r - a scroll of fear {unknown}
Potions
 b - a potion of haste {unknown}
 i - a potion of degeneration {unknown}
 k - 2 potions of heal wounds {unknown}
 l - a potion of curing {unknown}
 n - 2 potions of flight {unknown}
 s - a potion of brilliance {unknown}


   Skills:
 + Level 3.3 Fighting
 + Level 4.0 Short Blades
 - Level 1.5 Throwing
 + Level 3.4 Dodging
 + Level 7.5 Stealth


You had 5 spell levels left.
You didn't know any spells.
Your spell library was empty.

Dungeon Overview and Level Annotations

Branches:
Dungeon (3/15)

Altars:
Xom


Innate Abilities, Weirdness & Mutations

You do not eat.
Your natural rate of healing is unusually fast.
You have razor-sharp teeth.
You have supernaturally acute eyesight. (SInv)
You can survive without breathing.
[You are frail. (-10% HP)]


Message History

You feel sick. The orc barely misses you.
You hit the orc.
You kill the orc!
* * * LOW HITPOINT WARNING * * *
You feel sick.
You hit the goblin.
The goblin is heavily wounded.
* * * LOW HITPOINT WARNING * * *
You feel sick. The goblin hits you.
* * * LOW HITPOINT WARNING * * *
You closely miss the goblin. You bite the goblin.
You kill the goblin!
* * * LOW HITPOINT WARNING * * *
You feel sick.
* * * LOW HITPOINT WARNING * * *
You feel sick.
Items here: $ ) ††††
* * * LOW HITPOINT WARNING * * *
You feel sick.
You die...

#..............?.#
#..............#
#............##
##..........##
##........##
####''####
########..#
.........##
#######@## #.# #.#
#)# ####.####
#.......# ##+##
#.##.##.# ##...##
#.##.##.# #.....##
#.##.##.#


There were no monsters in sight!

Vanquished Creatures
  Sigmund (D:2)
  8 adders
  An ooze (D:2)
  2 worms (D:2)
  2 dart slugs (D:1)
  3 leopard geckos
  An orc (D:3)
  6 bats
  2 giant cockroaches
  11 goblins
  6 hobgoblins
  7 jackals (D:2)
  3 kobolds
  4 frilled lizards
  4 rats
61 creatures vanquished.

Notes
Turn   | Place    | Note
-------+----------+-------------------------------------------
     0 | D:1      | MoonlitKnight the Vampire Assassin began the quest for the
                  | Orb.
     0 | D:1      | Reached XP level 1. HP: 16/16 MP: 1/1
   154 | D:1      | Reached skill level 6 in Stealth
   183 | D:1      | Reached XP level 2. HP: 19/22 MP: 2/2
   349 | D:1      | Found a shimmering altar of Xom.
   499 | D:1      | Reached XP level 3. HP: 27/27 MP: 3/3
  1036 | D:2      | Reached XP level 4. HP: 32/34 MP: 4/4
  1457 | D:2      | Noticed Sigmund
  1933 | D:2      | Killed Sigmund
  1933 | D:2      | Reached skill level 7 in Stealth
  1933 | D:2      | Reached XP level 5. HP: 13/36 MP: 5/5
  2102 | D:2      | Reached XP level 6. HP: 42/42 MP: 6/6
  2406 | D:3      | HP: 2/42 [goblin (1)]
  2411 | D:3      | Succumbed to an adder's poison

Levels and vault maps discovered:
D:1:      mrwooster_arrival_statue, layout_basic, st_stairs_6,
          minmay_misc_feat_doors, xom_teletrap_fun
D:2:      layout_loops_corners, kennysheep_generic_room_16, uniq_sigmund
D:3:      kennysheep_big_flooded_room, layout_loops_corners, marbit_many_paths,
          first_ration, chequers_serial_rivers_micro_e

Skill      XL: |  1  2  3  4  5 |
---------------+----------------+-----
Stealth        | 6 7 |  7.5
Fighting       | 2 3 |  3.3
Dodging        | 2 3 |  3.4
Short Blades   | 3 4 |  4.0
Throwing       | |  1.5

Action                   |  1- 3 |  4- 6 || total
-------------------------+-------+-------++-------
Melee: Dagger            |   116 |   113 ||   229
       Bite              |     6 |    15 ||    21
Throw: Dart              |       |     2 ||     2
 Abil: Exsanguinate      |       |     1 ||     1
       Revivify          |       |     1 ||     1
 Stab: Sleeping          |     8 |     6 ||    14
Armor: Robe              |     4 |       ||     4
       Ring mail         |    31 |    19 ||    50
Dodge: Dodged            |    59 |    53 ||   112

Table legend:
 A = Non-vault XP
 B = Vault XP
 C = Vault XP percentage of total XP
 D = Non-vault monster count
 E = Vault monster count
 F = Vault count percentage of total count
                 A         B        C        D         E       F
            +---------+---------+-------+---------+---------+-------
      Total |     198 |     241 |  54.9 |      56 |       5 |   8.2
            +---------+---------+-------+---------+---------+-------
        D:1 |      45 |       4 |   8.2 |      24 |       1 |   4.0
        D:2 |     119 |     221 |  65.0 |      27 |       2 |   6.9
        D:3 |      34 |      16 |  32.0 |       5 |       2 |  28.6
            +---------+---------+-------+---------+---------+-------
